 Dungeon Sprint DCSS version 0.20-a0-700-gbd4582c (webtiles) character file.

1231 Kidiri the Thaumaturge (level 8, -21/49 HPs)
             Began as a Deep Elf Fire Elementalist on Feb 20, 2017.
             Was a Believer of Vehumet.
             Killed from afar by Josephine (30 damage)
             ... with a ghostly fireball
             ... in the Dungeon (Sprint III: "The Ten Rune Challenge").
             The game lasted 00:07:09 (1035 turns).

Kidiri the Thaumaturge (Deep Elf Fire Elementalist) Turns: 1035, Time: 00:07:10

Health: -21/49     AC:  3    Str:  9    XL:     8   Next: 24%
Magic:  17/25      EV: 16    Int: 23    God:    Vehumet [**....]
Gold:   36         SH:  0    Dex: 15    Spells: 2/30 levels left

rFire    . . .     SeeInvis .   k - +0 dagger
rCold    . . .     Gourm    .   a - +0 robe
rNeg     . . .     Faith    .   (no shield)
rPois    .         Spirit   .   (no helmet)
rElec    .         Reflect  .   l - +0 cloak
rCorr    .         Harm     .   (no gloves)
MR       .....     NoTele   +   (no boots)
Stlth    ++........             (no amulet)
Regen    0.2/turn               (no ring)
MPRegen  0.2/turn               (no ring)

@: slightly contaminated, hasted, heavily drained, very quick
A: strong 2
a: Renounce Religion


You were in the Dungeon.
You worshipped Vehumet.
Vehumet was pleased with you.
You were not hungry.

You visited 1 branch You collected 36 gold pieces.

Inventory:

Hand Weapons
 k - a +0 dagger (weapon)
Armour
 a - a +0 robe (worn)
 l - a +0 cloak (worn)
 t - a +0 large shield
Scrolls
 n - a scroll of immolation
 o - 2 scrolls of identify
 p - 3 scrolls of remove curse
 r - a scroll of holy word
Potions
 f - a potion of haste
 g - a potion of magic
 h - 2 potions of berserk rage
Comestibles
 c - 2 bread rations


   Skills:
 + Level 5.1(3.8) Fighting
 + Level 4.5(3.2) Short Blades
 + Level 5.2(3.9) Armour
 + Level 7.9(6.5) Dodging
 - Level 2.4(1.2) Stealth
 + Level 1.2(0.0) Shields
 * Level 11.9(10.4) Spellcasting
 + Level 7.0(5.7) Conjurations
 + Level 7.7(6.3) Fire Magic
 + Level 2.6(1.4) Air Magic
 + Level 1.8(0.6) Earth Magic
 + Level 3.2(2.0) Poison Magic


You had 2 spell levels left.
You knew the following spells:

 Your Spells              Type           Power        Failure   Level  Hunger
a - Flame Tongue          Conj/Fire      #####        1%          1    None
b - Throw Flame           Conj/Fire      #####.       1%          2    None
c - Conjure Flame         Conj/Fire      #####...     1%          3    None
d - Inner Flame           Hex/Fire       ####....     6%          3    None
e - Sticky Flame          Conj/Fire      #####...     6%          4    #......
f - Fireball              Conj/Fire      #####.....   14%         5    ####...
g - Bolt of Fire          Conj/Fire      #####.....   75%         6    ######.
h - Mephitic Cloud        Conj/Pois/Air  ####....     6%          3    None
i - Sandblast             Erth           ##....       4%          1    None


Dungeon Overview and Level Annotations

Branches:
Dungeon (1/1)

Altars:
Cheibriados
Dithmenos
Elyvilon
Fedhas
Gozag
Hepliaklqana
Kikubaaqudgha
Makhleb
Nemelex Xobeh
Okawaru
Qazlal
Ru
Sif Muna
Trog
Uskayaw
Vehumet
Xom
Yredelemnul
Zin
The Shining One
Beogh
Jiyva
Lugonu

Annotations:
D Josephine


Innate Abilities, Weirdness & Mutations

Your muscles are very strong. (Str +4)


Message History

The flame tongue hits Josephine.
Josephine appears unharmed.
Josephine is lightly wounded.
Josephine gestures at you while chanting.
The ghostly flame explodes!
The ghostly fireball engulfs you!
You feel drained.
Ouch! That really hurt!
* * * LOW HITPOINT WARNING * * *
Casting: Flame Tongue
Confirm with . or Enter, or press ? or * to list all spells.
Aiming: Flame Tongue
Press: ? - help, Shift-Dir - straight line, f/p - Josephine
Aim: Josephine, wielding a dagger and wearing an embroidered robe (lightly wounded)
Okay, then.
You feel better.
You feel yourself speed up.
You are lightly contaminated with residual magic.
There is a fountain of clear blue water here.
Josephine gestures at you while chanting.
The ghostly flame explodes!
The ghostly fireball engulfs you!
You feel drained.
Ouch! That really hurt!
You die...

▓▓▓▓▓▓▓▓▓ ▓▓▓ .#..+...♣♣♣
♣.############ .#..#.....♣♣
♣.#___#__.#__# '####....♣.♣
♣♣.#..)#__)#)_#
....#....≈.♣♣♣..###+#'###%##
....#...≈≈...♣♣.#..........#
....#..≈≈≈≈..♣♣.@.⌠.@......#
###'#).≈≈≈≈≈≈♣♣.#...######'#
.).÷#.≈≈≈≈≈≈....#.⌠.#__#...#+####
....#.≈≈≈≈≈.....#...#__#...#§§§§≈
....#.≈≈≈.......#+###__#...#§#§§§
#####...........#.):#__#...'.#§§§
................#___#__+...#.#§§§
▓▓▓▓▓▓▓▓▓▓▓▓▓▓▓▓▓▓▓▓▓▓▓▓▓▓▓▓▓▓▓▓▓
, ,


You could see Josephine.

Vanquished Creatures
  A deep elf mage (D)
  A shadow (D)
  A spatial vortex (D)
  A necrophage (D)
  A water elemental (D)
  A wizard (D)
  A jelly (D)
  Crazy Yiuf (D)
  Jessica (D)
  A necromancer (D)
  3 humans (D)
  A kobold demonologist (D)
  3 rats (D)
17 creatures vanquished.

Vanquished Creatures (others)
  2 draconian scorchers (D)
  6 hellions (D)
  2 yaktaurs (D)
  A fire vortex (D)
  A plant (D)
12 creatures vanquished.

Grand Total: 29 creatures vanquished

Notes
Turn   | Place    | Note
-------+----------+-------------------------------------------
     0 | D        | Kidiri the Deep Elf Fire Elementalist began the quest for the Orb.
     0 | D        | Reached XP level 1. HP: 10/10 MP: 6/6
    40 | D        | Noticed Jessica
    44 | D        | Killed Jessica
    44 | D        | Reached skill level 1 in Fighting
    44 | D        | Reached skill level 1 in Armour
    44 | D        | Reached skill level 5 in Spellcasting
    44 | D        | Reached XP level 2. HP: 16/16 MP: 2/10
    53 | D        | Learned a level 2 spell: Throw Flame
    94 | D        | Killed a hellion
    98 | D        | Killed a hellion
   109 | D        | Killed a hellion
   126 | D        | Reached XP level 3. HP: 21/21 MP: 6/12
   131 | D        | Learned a level 3 spell: Conjure Flame
   135 | D        | Learned a level 3 spell: Inner Flame
   138 | D        | Killed a yaktaur
   149 | D        | Killed a hellion
   151 | D        | Killed a hellion
   162 | D        | Killed a yaktaur
   170 | D        | Killed a hellion
   176 | D        | Noticed Crazy Yiuf
   183 | D        | Killed Crazy Yiuf
   183 | D        | Reached skill level 6 in Spellcasting
   183 | D        | Reached XP level 4. HP: 26/26 MP: 8/14
   196 | D        | Learned a level 4 spell: Sticky Flame
   212 | D        | Gained mutation: You passively map a small area around you. [potion of mutation]
   212 | D        | Gained mutation: You evolve. [potion of mutation]
   213 | D        | Lost mutation: You evolve. [potion of mutation]
   213 | D        | Lost mutation: You passively map a small area around you. [potion of mutation]
   213 | D        | Gained mutation: Armour fits poorly on your strangely shaped body. [potion of mutation]
   213 | D        | Gained mutation: You evolve. [potion of mutation]
   213 | D        | Gained mutation: You tend to lose your temper in combat. [potion of mutation]
   213 | D        | Gained mutation: You are partially covered in large bone plates. (SH +4) [potion of mutation]
   214 | D        | Lost mutation: You tend to lose your temper in combat. [potion of mutation]
   214 | D        | Lost mutation: You are partially covered in large bone plates. (SH +4) [potion of mutation]
   214 | D        | Lost mutation: You evolve. [potion of mutation]
   214 | D        | Gained mutation: You are somewhat resistant to further mutation. [potion of mutation]
   214 | D        | Gained mutation: Your muscles are strong. (Str +2) [potion of mutation]
   215 | D        | Lost mutation: You are somewhat resistant to further mutation. [potion of mutation]
   215 | D        | Lost mutation: Armour fits poorly on your strangely shaped body. [potion of mutation]
   215 | D        | Lost mutation: Your muscles are strong. (Str +2) [potion of mutation]
   215 | D        | Gained mutation: Your muscles are strong. (Str +2) [potion of mutation]
   215 | D        | Gained mutation: Your muscles are very strong. (Str +4) [potion of mutation]
   236 | D        | Killed a white draconian scorcher
   247 | D        | Killed a white draconian scorcher
   252 | D        | Noticed a water elemental
   256 | D        | Killed a water elemental
   256 | D        | Reached skill level 7 in Spellcasting
   256 | D        | Reached skill level 5 in Fire Magic
   309 | D        | Found a radiant altar of Vehumet.
   310 | D        | Found a deep blue altar of Sif Muna.
   310 | D        | Found an ancient bone altar of Kikubaaqudgha.
   310 | D        | Noticed a wizard
   311 | D        | Noticed a rust devil
   313 | D        | Killed a wizard
   313 | D        | Reached skill level 5 in Dodging
   313 | D        | Reached skill level 8 in Spellcasting
   313 | D        | Reached XP level 5. HP: 29/32 MP: 7/17
   321 | D        | Became a worshipper of Vehumet
   334 | D        | Learned a level 5 spell: Fireball
   385 | D        | Found a glowing silver altar of Zin.
   386 | D        | Found a glowing golden altar of the Shining One.
   386 | D        | Found a white marble altar of Elyvilon.
   386 | D        | Noticed a deep elf mage
   395 | D        | Killed a deep elf mage
   395 | D        | Reached skill level 10 in Spellcasting
   395 | D        | Reached XP level 6. HP: 22/39 MP: 14/21
   395 | D        | Reached XP level 7. HP: 25/44 MP: 15/23
   403 | D        | Learned a level 6 spell: Bolt of Fire
   407 | D        | Learned a level 3 spell: Mephitic Cloud
   529 | D        | Found a hide-covered altar of Uskayaw.
   529 | D        | Found a roughly hewn altar of Beogh.
   529 | D        | Found an iron altar of Okawaru.
   529 | D        | Found a bloodstained altar of Trog.
   529 | D        | Noticed a human
   531 | D        | Noticed a human
   535 | D        | Killed a human
   535 | D        | Reached skill level 11 in Spellcasting
   535 | D        | Reached skill level 1 in Air Magic
   535 | D        | Reached skill level 1 in Poison Magic
   543 | D        | Killed a human
   543 | D        | Reached * piety under Vehumet
   543 | D        | Offered knowledge of Sandblast by Vehumet.
   546 | D        | Learned a level 1 spell: Sandblast
   666 | D        | Reached skill level 5 in Armour
   668 | D        | Noticed a shadow
   672 | D        | Killed a shadow
   672 | D        | Reached skill level 5 in Fighting
   672 | D        | Reached XP level 8. HP: 49/49 MP: 14/25
   737 | D        | Found a blossoming altar of Fedhas.
   737 | D        | Found a stormy altar of Qazlal.
   737 | D        | Found a snail-covered altar of Cheibriados.
   737 | D        | Found a burning altar of Makhleb.
   737 | D        | Found a shimmering altar of Xom.
   738 | D        | Found a hazy altar of Hepliaklqana.
   738 | D        | Found an opulent altar of Gozag.
   738 | D        | Found a sparkling altar of Nemelex Xobeh.
   738 | D        | Found a corrupted altar of Lugonu.
   738 | D        | Found a viscous altar of Jiyva.
   744 | D        | Reached ** piety under Vehumet
   744 | D        | Offered knowledge of Sting by Vehumet.
   744 | D        | Reached skill level 1 in Shields
   744 | D        | Reached skill level 1 in Earth Magic
   850 | D        | Found a basalt altar of Yredelemnul.
   850 | D        | Found a shadowy altar of Dithmenos.
   850 | D        | Found a sacrificial altar of Ru.
   981 | D        | Noticed Josephine
  1030 | D        | HP: 1/49 [Josephine/ghostly fireball (31)]
  1035 | D        | Killed from afar by Josephine

Vault maps used:
D:        dungeon_sprint_mu

Skill      XL: |  1  2  3  4  5  6  7  8 |
---------------+-------------------------+-----
Fighting       | 1 2 3 4 5 |  5.1
Armour         | 1 2 3 4 5 |  5.2
Dodging        | 3 4 5 7 |  7.9
Spellcasting   | 5 6 8 10 11 | 11.9
Conjurations   | 2 3 4 6 7 |  7.0
Fire Magic     | 4 5 6 7 |  7.7
Short Blades   | 3 4 |  4.5
Air Magic      | 2 |  2.6
Poison Magic   | 2 3 |  3.2
Shields        | 1 |  1.2
Earth Magic    | 1 |  1.8
Stealth        | |  2.4

Action                   |  1- 3 |  4- 6 |  7- 9 || total
-------------------------+-------+-------+-------++-------
Melee: Dagger            |       |     1 |     1 ||     2
 Cast: Flame Tongue      |    15 |     5 |    18 ||    38
       Throw Flame       |     1 |       |     1 ||     2
       Sticky Flame      |       |     3 |     1 ||     4
       Conjure Flame     |       |     1 |     2 ||     3
       Fireball          |       |       |     1 ||     1
       Mephitic Cloud    |       |       |     1 ||     1
       Bolt of Fire      |       |       |     5 ||     5
  Use: Potion            |       |     4 |     5 ||     9
       Scroll            |       |     2 |     1 ||     3
 Stab: Sleeping          |       |     1 |       ||     1
  Eat: Royal jelly       |       |       |     2 ||     2
       Chunk             |       |       |     1 ||     1
Armor: Robe              |     1 |       |     1 ||     2
Dodge: Dodged            |     3 |     4 |     3 ||    10
